 Dungeon Sprint DCSS version 0.17.0-24-gcfadda4 (webtiles) character file.

85 Kidiri the Sneak (level 4, -5/22 HPs)
             Began as a Spriggan Enchanter on Nov 17, 2015.
             Slain by a shadow (13 damage)
             ... in the Dungeon (Sprint III: "The Ten Rune Challenge").
             The game lasted 00:02:57 (642 turns).

Kidiri the Sneak (Spriggan Enchanter)                Turns: 642, Time: 00:02:57

Health: -5/22      AC:  4    Str:  6    XL:     4   Next: 25%
Magic:  0/11       EV: 21    Int: 16    God:
Gold:   13         SH:  0    Dex: 17    Spells: 5 memorised, 0 levels left

rFire  . . .     SeeInvis +     a - +1 dagger
rCold  . . .     Clarity  .     b - +1 robe
rNeg   . . .     SustAt   .     (shield restricted)
rPois  .         Gourm    .     (helmet restricted)
rElec  .         Spirit   .     (no cloak)
rCorr  .         Warding  .     (gloves unavailable)
rMut   .         NoTele   +     (boots unavailable)
MR     .....                    (no amulet)
Stlth  ++++......               (no ring)
                                (no ring)

@: very slightly contaminated, very quick, not resistant to hostile
enchantments, stealthy
A: unfitting armour, horns 1, yellow scales 1, see invisible, deformed body,
herbivore 3, speed 3, slow metabolism 2, strong 1
a: no special abilities


You were in the Dungeon.
You were not hungry.

You visited 1 branch You collected 13 gold pieces.

Inventory:

Hand Weapons
 a - a +1 dagger (weapon)
Armour
 b - a +1 robe (worn)
Scrolls
 j - a scroll of blinking
 l - a scroll of holy word
 q - a scroll of fog {unknown}
 r - 2 scrolls of remove curse
Potions
 e - 2 potions of curing
 g - a potion of haste
 h - a potion of magic
 o - 2 potions of cancellation {unknown}
 p - 2 potions of flight
 s - a potion of agility
Books
 c - a book of Maledictions

   Spells                             Type                      Level
   a - Corona                         Hexes                        1
   b - Ensorcelled Hibernation        Hexes/Ice                    2
   c - Confuse                        Hexes                        3
   d - Tukima's Dance                 Hexes                        3
   e - Dazzling Spray                 Conjuration/Hexes            3
Comestibles
 d - a bread ration
 n - a royal jelly


   Skills:
 + Level 1.5 Fighting
 * Level 3.8 Short Blades
 + Level 1.4 Armour
 * Level 5.8 Dodging
 * Level 6.6 Stealth
 * Level 4.9 Spellcasting
 + Level 0.8 Conjurations
 + Level 4.5 Hexes
 + Level 1.2 Ice Magic


You couldn't memorise any spells.
You knew the following spells:

 Your Spells              Type           Power        Failure   Level  Hunger
a - Corona                Hex            ###....      2%          1    None
b - Ensorcelled Hibernat  Hex/Ice        ##....       10%         2    ##.....
c - Confuse               Hex            ###.....     10%         3    ###....
d - Tukima's Dance        Hex            ###.....     10%         3    ###....
e - Dazzling Spray        Conj/Hex       ##......     17%         3    ###....


Dungeon Overview and Level Annotations

Branches:
Dungeon (1/1)

Altars:


Innate Abilities, Weirdness & Mutations

You are tiny and cannot use many weapons and most armour.
You have supernaturally acute eyesight.
You are a herbivore.
You cover ground extremely quickly.
You need consume almost no food.
You have a pair of small horns on your head.
You are partially covered in yellow scales (AC +2).
Armour fits poorly on your strangely shaped body.
Your muscles are strong. (Str +2)


Message History

You miscast Dazzling Spray.
You are very lightly contaminated with residual magic.
Nothing appears to happen.
Casting: Dazzling Spray
Confirm with . or Enter, or press ? or * to list all spells.
You don't have enough magic to cast that spell.
Unknown command.
Unknown command.
You closely miss the shadow.
The shadow is lightly damaged.
The shadow barely misses you.
You hit the shadow but do no damage. Your headbutt misses the shadow.
The shadow is lightly damaged.
The shadow slips into darkness.
The shadow flickers and vanishes for a moment.
You hit the shadow but do no damage.
The shadow is lightly damaged.
The shadow hits you!
Ouch! That really hurt!
You die...

▓▓▓▓▓▓▓▓▓ ▓▓▓ ▓<..#...####
##.# ▓...#......#####..#
▓..##.......#%.#..#
▓##.##.##...#..#..###+#+###
##.##.###..##+#..#........
▓#.####.##..###...'.⌠......
▓.###%.##.@####...#...#####
▓#.....##.W###....#.⌠.# #.
###..##...##.....#...# #.
##..##....#......#+### #.
#..###..##.#.....# #. #).#
#..#####....# +. ▓▓▓▓ ▓▓▓▓
▓▓▓▓▓▓ ▓▓


You could see a shadow (invisible).

Vanquished Creatures
  A water elemental (D)
  A human (D)
  An ooze (D)
  A phantom (D)
  3 rats (D)
7 creatures vanquished.

Vanquished Creatures (others)
  2 draconian scorchers (D)
  A yaktaur (D)
3 creatures vanquished.

Grand Total: 10 creatures vanquished

Notes
Turn   | Place    | Note
--------------------------------------------------------------
     0 | D        | Kidiri the Spriggan Enchanter began the quest for the Orb.
     0 | D        | Reached XP level 1. HP: 9/9 MP: 5/5
    68 | D        | Reached skill level 5 in Stealth
    68 | D        | Reached XP level 2. HP: 7/14 MP: 3/7
    90 | D        | Learned a level 2 spell: Ensorcelled Hibernation
   225 | D        | Killed a white draconian scorcher
   278 | D        | Reached skill level 1 in Fighting
   278 | D        | Reached skill level 1 in Armour
   278 | D        | Reached XP level 3. HP: 10/18 MP: 2/9
   283 | D        | Learned a level 3 spell: Confuse
   287 | D        | Learned a level 3 spell: Dazzling Spray
   299 | D        | Killed a yaktaur
   348 | D        | Killed a white draconian scorcher
   429 | D        | Gained mutation: You have a pair of small horns on your head. [potion of mutation]
   429 | D        | Gained mutation: You have an increased reservoir of magic (+10% MP). [potion of mutation]
   429 | D        | Gained mutation: Armour fits poorly on your strangely shaped body. [potion of mutation]
   430 | D        | Lost mutation: You have an increased reservoir of magic (+10% MP). [potion of mutation]
   430 | D        | Gained mutation: Your muscles are strong. (Str +2) [potion of mutation]
   430 | D        | Gained mutation: You are partially covered in yellow scales (AC +2). [potion of mutation]
   493 | D        | Noticed a water elemental
   505 | D        | Killed a water elemental
   505 | D        | Reached skill level 5 in Dodging
   505 | D        | Reached skill level 6 in Stealth
   505 | D        | Reached skill level 1 in Ice Magic
   505 | D        | Reached XP level 4. HP: 22/22 MP: 0/11
   599 | D        | Learned a level 3 spell: Tukima's Dance
   599 | D        | Noticed a jelly
   600 | D        | Noticed a shadow
   642 | D        | Slain by a shadow

Action                   |  1- 3 |  4- 6 || total
-------------------------+-------+-------++-------
Melee: Dagger            |    18 |     6 ||    24
 Cast: Corona            |     4 |     1 ||     5
       Ensorcelled Hiber |     2 |       ||     2
       Dazzling Spray    |     2 |     5 ||     7
  Use: Potion            |     3 |     2 ||     5
       Scroll            |     3 |       ||     3
 Stab: Sleeping          |     4 |       ||     4
